 Dungeon Crawl Stone Soup version 0.31-a0-1597-ge7908ec95f (webtiles) character file.

Game seed: 12794636721043589974

247 James the Ducker (level 5, -1/28 HPs)
             Began as a Spriggan Fighter on Jan 7, 2024.
             Slain by a scorpion (4 damage)
             ... on level 3 of the Dungeon.
             The game lasted 00:09:16 (3337 turns).

James the Ducker (Spriggan Fighter)                 Turns: 3337, Time: 00:09:17

Health: -1/28      AC:  3    Str: 15    XL:     5   Next: 85%
Magic:  6/6        EV: 19    Int:  9    God:
Gold:   131        SH:  6    Dex: 17    Spells: 4/4 levels left

rFire   . . .        a - +0 dagger (elec)
rCold   . . .        l - +1 buckler of Intuition {rElec rPois Str+3 SInv}
rNeg    . . .        o - +1 animal skin
rPois   +            (helmet restricted)
rElec   +            (no cloak)
rCorr   .            (gloves unavailable)
SInv    +            (boots unavailable)
Will    .....        (no amulet)
Stlth   +++          (no ring)
HPRegen 0.24/turn    (no ring)
MPRegen 0.10/turn

%: no passive effects
@: very quick
A: very small, no large weapons, unfitting armour, see invisible, speed 3
a: no special abilities


You were on level 3 of the Dungeon.
You visited 1 branch of the dungeon, and saw 4 of its levels.

You collected 131 gold pieces.

Inventory:

Hand Weapons
 a - a +0 dagger of electrocution (weapon)
   (You took it off a kobold on level 3 of the Dungeon)
 b - a +0 rapier
 n - a +0 short sword
   (You took it off a kobold on level 1 of the Dungeon)
 r - a +0 sling
   (You took it off a goblin on level 3 of the Dungeon)
 t - a +0 dagger of venom
   (You found it on level 1 of the Dungeon)
 v - a +0 falchion
   (You took it off a goblin on level 3 of the Dungeon)
Missiles
 j - 63 stones
Armour
 e - a +0 robe
   (You found it on level 1 of the Dungeon)
 g - a +0 robe
   (You found it on level 1 of the Dungeon)
 h - a +0 robe
   (You found it on level 1 of the Dungeon)
 k - a +0 robe
 l - the +1 buckler of Intuition (worn) {rElec rPois Str+3 SInv}
   (You acquired it on level 4 of the Dungeon)

   Str+3:     It affects your strength (+3).
   rElec:     It insulates you from electricity.
   rPois:     It protects you from poison SInv: It lets you see invisible.
 o - a +1 animal skin (worn)
   (You took it off Robin on level 1 of the Dungeon)
 q - a +0 robe
   (You took it off a goblin on level 3 of the Dungeon)
 u - a +0 robe
   (You found it on level 4 of the Dungeon)
Scrolls
 c - a scroll of silence {unknown}
 f - 3 scrolls of identify {@r1}
 p - a scroll of noise {unknown}
Potions
 d - 2 potions of might
 i - a potion of lignification {!q}
 m - a potion of curing {@q1}
 s - a potion of haste {@q3}
 w - a potion of heal wounds {unknown}
 x - a potion of mutation {unknown}


   Skills:
 + Level 3.1 Fighting
 * Level 4.3 Short Blades
 + Level 5.1 Dodging
 + Level 3.5 Stealth
 + Level 2.8 Shields


You had 4 spell levels left.
You didn't know any spells.
Your spell library contained the following spells:

 Spells                   Type           Power      Damage    Failure   Level
 Magic Dart               Conj           0%         1d3       47%         1
 Shock                    Conj/Air       0%         1d3       47%         1
 Blink                    Tloc           0%         N/A       63%         2
 Call Imp                 Summ           0%         N/A       63%         2
 Static Discharge         Conj/Air       0%         3-3/arc   63%         2
 Swiftness                Air            0%         N/A       85%         3
 Airstrike                Air            0%         2d(0-16)  99%         4
 Summon Lightning Spire   Summ/Air       0%         N/A       99%         4


Dungeon Overview and Level Annotations

Branches:
Dungeon (4/15)
 Temple: D:4-7

Altars:
Elyvilon
Gozag
Xom
Zin
The Shining One

Shops:
D:3 :

Annotations:
D:3 3 runed translucent doors, temujin's ghost, amateur HuFi


Innate Abilities, Weirdness & Mutations

You are very small and have problems with some larger weapons.
You are too small for most types of armour.
You have supernaturally acute eyesight. (SInv)
You cover ground extremely quickly. (Speed+++)


Message History

The orc moves out of view.
The endoplasm quivers.
An orc comes into view. It is wielding a +0 hand axe.
The orc wizard gestures at you while chanting.
The puff of flame hits you.
You hear a shout! x2
The endoplasm attacks as it pursues you!
The endoplasm misses you.
An orc comes into view. It is wielding a +0 falchion.
There is a stone staircase leading up, spattered with blood here.
The orc wizard casts a spell.
The orc wizard flickers and vanishes for a moment.
You hit the scorpion but do no damage. The scorpion stings you.
You closely miss the scorpion. The scorpion completely misses you.
You block the endoplasm's attack.
You hit the scorpion but do no damage. The scorpion stings you.
The endoplasm freezes you.
You are frozen.
* * * LOW HITPOINT WARNING * * *
You block the scorpion's attack.
You climb upwards.
Level annotation: 3 runed translucent doors, temujin's ghost, amateur HuFi
There is a stone staircase leading down here.
You hit the endoplasm but do no damage. The endoplasm freezes you.
You are frozen.
* * * LOW HITPOINT WARNING * * *
You block the scorpion's attack.
You hit the endoplasm. The scorpion completely misses you.
The endoplasm hits you.
* * * LOW HITPOINT WARNING * * *
You hit the endoplasm. The scorpion stings you.
* * * LOW HITPOINT WARNING * * *
You are lethally poisoned!
The scorpion poisons you! The endoplasm closely misses you.
You hit the endoplasm.
Lightning courses through the endoplasm!
You kill the endoplasm!
* * * LOW HITPOINT WARNING * * *
You feel very sick. The scorpion closely misses you.
You feel better. The scorpion closely misses you.
You hit the scorpion but do no damage. The scorpion stings you.
* * * LOW HITPOINT WARNING * * *
You barely miss the scorpion. You block the scorpion's attack.
The scorpion stings you.
* * * LOW HITPOINT WARNING * * *
You closely miss the scorpion. You hit the scorpion. The scorpion stings you.
You die...

#≈..♣♣..≈###...######.##
#≈≈....≈≈# #.### #...
##≈≈≈≈≈≈## #.# ####
###########.## ##
#..........#########>
###
#.#####..............
##.###.# #....#########.
###...##.#####....## ##
#.........†@.#.....# #
#.#...##.###s.....## #
#.##.###.......#.## #
#.##..##.#######.# #
#.##.#.#.# #.# #
#.###.##.# ##'## ###
#........# ##...## #..
#####.#### ##.....## #.#
#..## ##.......## ##.#


You could see a scorpion.

Vanquished Creatures
  A howler monkey (D:4)
  A bombardier beetle (D:3)
  An iguana (D:4)
  Robin (D:1)
  3 adders (D:3)
  A gnoll (D:1)
  2 dart slugs (D:4)
  4 ribbon worms
  3 orcs
  6 ball pythons
  6 bats
  6 endoplasms
  6 giant cockroaches
  8 hobgoblins
  3 jackals (D:1)
  2 quokkas
  3 frilled lizards
  12 goblins
  5 kobolds
  7 rats
81 creatures vanquished.

Notes
Turn   | Place    | Note
-------+----------+-------------------------------------------
     0 | D:1      | James the Spriggan Fighter began the quest for the Orb.
     0 | D:1      | Reached XP level 1. HP: 11/11 MP: 2/2
   456 | D:1      | Reached skill level 1 in Stealth
   456 | D:1      | Reached XP level 2. HP: 16/16 MP: 3/3
   873 | D:1      | Reached XP level 3. HP: 19/19 MP: 4/4
  1131 | D:2      | Noticed Robin
  1282 | D:1      | Killed Robin
  1423 | D:2      | Found a faded altar of an unknown god.
  1556 | D:2      | Reached XP level 4. HP: 23/23 MP: 5/5
  1917 | D:3      | Found Elotar's Book Shoppe.
  2035 | D:3      | Found a glowing golden altar of the Shining One.
  2037 | D:3      | Found a glowing silver altar of Zin.
  2038 | D:3      | Found a white marble altar of Elyvilon.
  2533 | D:3      | Noticed a kobold brigand
  2537 | D:3      | Found a runed translucent gate.
  2537 | D:3      | Found a runed translucent gate.
  2537 | D:3      | Found a runed translucent gate.
  2537 | D:3      | Noticed temujin's ghost (amateur HuFi)
  2708 | D:3      | Reached XP level 5. HP: 25/28 MP: 6/6
  2965 | D:4      | Identified a scroll of acquirement
  2965 | D:4      | Acquired the +1 buckler of Intuition {rElec rPois Str+3
                  | SInv}
  3033 | D:4      | Reached skill level 5 in Dodging
  3201 | D:4      | Found an opulent altar of Gozag.
  3256 | D:4      | Found a shimmering altar of Xom.
  3337 | D:3      | Slain by a scorpion

Illustrated notes

Levels and vault maps discovered:
D:1:      ebering_trefoil_twist, layout_loops_ring, minmay_misc_feat_tower
D:2:      layout_loops_ring, shapermc_ecumenical_altar_mp_urbaneastern,
          uniq_robin
D:3:      layout_loops_corners, good_gods_temple_1,
          gammafunk_ghost_nasty_kobolds, serial_shops, shop,
          kennysheep_another_room
D:4:      minmay_chambers_of_threes, layout_cave_pools,
          nicolae_overflow_hidden_temple, lemuel_doored_altar,
          grunt_gozag_statues

Skill      XL: |  1  2  3  4  5 |
---------------+----------------+-----
Stealth        | 1 2 3 |  3.5
Short Blades   | 3 4 |  4.3
Fighting       | 3 |  3.1
Dodging        | 5 |  5.1
Shields        | |  2.8

Action                     |  1- 3 |  4- 6 || total
---------------------------+-------+-------++-------
  Melee: Rapier            |    47 |       ||    47
         Short sword       |    19 |       ||    19
         Dagger            |    85 |   132 ||   217
    Use: Scroll            |       |     7 ||     7
         Potion            |       |     1 ||     1
   Stab: Sleeping          |     7 |     8 ||    15
 Armour: Robe              |    28 |    11 ||    39
         Animal skin       |       |    14 ||    14
  Dodge: Dodged            |    77 |    69 ||   146
  Block: Buckler           |    22 |    34 ||    56

Table legend: (Time is in decaauts)
 A = Elapsed time spent in this place.
 B = Non-inter-level travel time spent in this place.
 C = Inter-level travel time spent in this place.
 D = Time resting spent in this place.
 E = Time spent auto-exploring this place.
 F = Levels seen in this place.
 G = Mean time per level.
                   A        B        C        D        E       F      G
               +--------+--------+--------+--------+--------+-----+--------+
         Total |   2274 |   2171 |    103 |     70 |   1383 |   4 |  568.5 |
       Dungeon |   2274 |   2171 |    103 |     70 |   1383 |   4 |  568.5 |
               +--------+--------+--------+--------+--------+-----+--------+

Top non-repeatable levels by time:
     D:1: 739 daAuts
     D:3: 729 daAuts
     D:2: 569 daAuts
     D:4: 236 daAuts
